 Dungeon Crawl Stone Soup version 0.21-a0-150-gc243083 (webtiles) character file.

1900 Lunath the Cleaver (level 9, -12/78 HPs)
             Began as a Hill Orc Monk on July 27, 2017.
             Was a Priest of Beogh.
             Mangled by a two-headed ogre
             ... wielding a +0 giant spiked club
              (21 damage)
             ... on level 8 of the Dungeon.
             The game lasted 00:12:48 (6687 turns).

Lunath the Cleaver (Hill Orc Monk)                  Turns: 6687, Time: 00:12:49

Health: -12/78     AC: 14    Str: 17    XL:     9   Next: 15%
Magic:  1/9        EV: 11    Int: 10    God:    Beogh [***...]
Gold:   447        SH:  0    Dex: 13    Spells: 8/8 levels left

rFire    . . .     SeeInvis .   a - +0 war axe
rCold    + . .     Gourm    .   (no shield)
rNeg     . . .     Faith    .   h - +0 ice dragon scales
rPois    .         Spirit   .   (no helmet)
rElec    .         Reflect  .   j - +2 cloak
rCorr    .         Harm     .   (no gloves)
MR       +....                  (no boots)
Stlth    ..........             (no amulet)
HPRegen  0.23/turn              f - ring of fire
MPRegen  0.11/turn              i - ring of protection from magic

@: no status effects
A: no striking features
a: Smiting, Renounce Religion


You were on level 8 of the Dungeon.
You worshipped Beogh.
Beogh was most pleased with you.
You were not hungry.

You visited 2 branches of the dungeon, and saw 9 of its levels.
You also visited: Sewer.

You collected 447 gold pieces.

Inventory:

Hand Weapons
 a - a +0 war axe (weapon)
Armour
 b - a +0 chain mail
 h - +0 ice dragon scales (worn)
 j - a +2 cloak (worn)
Jewellery
 f - a ring of fire (left hand)
 g - an uncursed ring of stealth
 i - a ring of protection from magic (right hand)
 k - an uncursed ring of magical power
Wands
 m - a wand of digging (3/24)
 t - a wand of flame (12/48)
 x - a wand of random effects (24/48)
 y - a wand of digging (5/24)
Scrolls
 d - 9 scrolls of identify
 e - 6 scrolls of teleportation
 s - 3 scrolls of blinking
 u - a scroll of amnesia {unknown}
 v - a scroll of magic mapping
Potions
 l - 4 potions of curing
 o - 4 potions of haste
 q - 2 potions of agility
 w - a potion of flight
 z - a potion of mutation {unknown}
Comestibles
 c - 4 bread rations
 n - 2 royal jellies
 p - 2 meat rations
 r - 13 fruits


   Skills:
 + Level 6.8 Fighting
 * Level 10.4 Axes
 + Level 5.2 Armour
 + Level 5.1 Dodging
 - Level 1.9 Stealth


You had 8 spell levels left.
You didn't know any spells.

Dungeon Overview and Level Annotations

Branches:
Dungeon (8/15)             Temple (1/1) D:6
   Lair: D:8-11

Altars:
Ashenzari
Cheibriados
Elyvilon
Fedhas
Gozag
Kikubaaqudgha
Makhleb
Nemelex Xobeh
Okawaru
Ru
Trog
Uskayaw
Vehumet
Xom
Zin

Shops:
D:5 *   D:7 }


Message History

The two-headed ogre is severely wounded.
You hit the two-headed ogre.
The two-headed ogre is severely wounded.
The two-headed ogre barely misses you.
The two-headed ogre hits you with a giant spiked club.
You slash the two-headed ogre!
The two-headed ogre is almost dead.
The two-headed ogre hits you with a giant spiked club! x2
You hit the two-headed ogre.
The two-headed ogre is almost dead.
You closely miss the two-headed ogre.
The two-headed ogre is almost dead.
The two-headed ogre hits you with a giant spiked club!
The two-headed ogre hits you with a giant spiked club.
You closely miss the two-headed ogre.
The two-headed ogre is almost dead.
The two-headed ogre hits you with a giant spiked club!!
* * * LOW HITPOINT WARNING * * *
The two-headed ogre hits you with a giant spiked club!!
You die...

.###+##+###
(.........#
......O@..#
.........##
.........#
..........
.##..##...#
#.. #...#
.. ....#
#.. ...##


You could see a two-headed ogre.

Vanquished Creatures
  A hippogriff (D:7)
  Duvessa (D:7)
  A sky beast (D:5)
  An ice beast (D:5)
  5 centaurs
  2 big kobolds (Sewer)
  2 bullfrogs
  Dowan (D:7)
  2 scorpions
  3 crimson imps
  3 hounds
  A centaur skeleton (D:6)
  An orc priest (D:5)
  An iguana (D:4)
  4 worker ants
  A hound zombie (D:5)
  11 adders
  A shadow imp (D:6)
  2 oozes
  An adder skeleton (D:6)
  3 worms
  A dart slug (D:3)
  4 leopard geckos
  8 orcs
  3 ball pythons
  9 bats
  15 giant cockroaches
  12 goblins
  14 hobgoblins
  8 jackals
  16 kobolds
  A quokka (D:7)
  A frilled lizard (D:2)
  A giant cockroach zombie (D:3)
  10 rats
151 creatures vanquished.

Vanquished Creatures (others)
  An orc priest (D:5)
  An orc wizard (D:5)
2 creatures vanquished.

Grand Total: 153 creatures vanquished

Notes
Turn   | Place    | Note
-------+----------+-------------------------------------------
     0 | D:1      | Lunath the Hill Orc Monk began the quest for the Orb.
     0 | D:1      | Reached XP level 1. HP: 19/19 MP: 1/1
    95 | D:1      | Reached XP level 2. HP: 22/27 MP: 2/2
   430 | D:1      | Reached XP level 3. HP: 25/33 MP: 3/3
  1170 | D:2      | Reached skill level 5 in Axes
  1170 | D:2      | Reached XP level 4. HP: 34/40 MP: 4/4
  1392 | D:3      | Reached skill level 1 in Armour
  1582 | D:3      | Reached XP level 5. HP: 11/46 MP: 5/5
  2703 | D:3      | Found a blossoming altar of Fedhas.
  2725 | D:3      | Reached skill level 6 in Axes
  2963 | D:4      | Reached XP level 6. HP: 16/53 MP: 6/6
  2969 | D:4      | HP: 2/53 [poisoned by a worker ant]
  3776 | D:5      | Entered Level 5 of the Dungeon
  3843 | D:5      | Found a radiant altar of Vehumet.
  3994 | D:5      | Reached skill level 5 in Fighting
  4021 | D:5      | Became a worshipper of Beogh the Brigand
  4021 | D:5      | Reached * piety under Beogh
  4021 | D:5      | Reached ** piety under Beogh
  4056 | D:5      | Reached skill level 7 in Axes
  4056 | D:5      | Reached XP level 7. HP: 55/61 MP: 7/7
  4225 | D:5      | Found a glowing drain.
  4229 | Sewer    | Entered a sewer
  4733 | D:5      | Found Aloyzi's Assorted Antiques.
  4949 | D:5      | Reached skill level 8 in Axes
  4950 | D:5      | Reached XP level 8. HP: 36/69 MP: 8/8
  5308 | D:6      | Reached skill level 9 in Axes
  5617 | D:6      | Reached *** piety under Beogh
  5819 | D:6      | Found a bloodstained altar of Trog.
  5936 | D:6      | Found a staircase to the Ecumenical Temple.
  5952 | Temple   | Entered the Ecumenical Temple
  6174 | D:7      | Noticed Duvessa
  6177 | D:7      | Noticed Dowan
  6186 | D:7      | Killed Duvessa
  6192 | D:7      | Killed Dowan
  6192 | D:7      | Reached skill level 10 in Axes
  6192 | D:7      | Reached skill level 5 in Armour
  6224 | D:7      | Noticed a hippogriff
  6236 | D:7      | Killed a hippogriff
  6236 | D:7      | Reached skill level 5 in Dodging
  6236 | D:7      | Reached XP level 9. HP: 62/78 MP: 9/9
  6398 | D:7      | Found Naxez's Gadget Shop.
  6676 | D:8      | Noticed a two-headed ogre
  6687 | D:8      | Mangled by a two-headed ogre

Vault maps used:
D:1:      ncdulo_watergridlock
D:2:      minmay_quantized
D:3:      minmay_roachtagon, overflow_temple_1_default, minmay_misc_feat_alley,
          minivault_5
D:5:      vehumet_altar_wand_db, gup_sewer_entry_bowl, serial_shops,
          kennysheep_little_box, first_bread, kennysheep_flooded_box
D:6:      corexii_shack_village, minmay_temple_entry_statues, basic_altar
D:7:      serial_shops, nicolae_shop_statue_plus, uniq_duvessa
D:8:      basic_altar, hangedman_little_slice_of_home
Temple:   cyrus_circular_temple
Sewer:    sewer_co_15_rooms

Skill      XL: |  1  2  3  4  5  6  7  8 |
---------------+-------------------------+-----
Axes           | 5 6 7 8 10 | 10.4
Armour         | 1 2 3 5 |  5.2
Fighting       | 4 5 6 |  6.8
Dodging        | 3 4 5 |  5.1
Stealth        | |  1.9

Action                   |  1- 3 |  4- 6 |  7- 9 || total
-------------------------+-------+-------+-------++-------
Melee: Hand axe          |   136 |   214 |       ||   350
       War axe           |       |    12 |   285 ||   297
Invok: Convert to Beogh  |       |     1 |       ||     1
       Smiting           |       |       |     3 ||     3
  Use: Potion            |       |     6 |     3 ||     9
       Scroll            |       |     7 |     1 ||     8
 Stab: Sleeping          |     8 |     3 |       ||    11
  Eat: Chunk             |     1 |     9 |     9 ||    19
Armor: Robe              |     6 |       |       ||     6
       Ring mail         |    33 |    41 |       ||    74
       Skin              |       |     8 |       ||     8
       Chain mail        |       |    74 |   126 ||   200
       Ice dragon scales |       |       |    80 ||    80
Dodge: Dodged            |    90 |   135 |   174 ||   399
